 Dungeon Crawl Stone Soup version 0.28-a0-850-g09de17f5b5 (webtiles) character file.

Game seed: 10069222577842471867

133 croobank the Skirmisher (level 5, 0/55 HPs)
             Began as an Ogre Delver on Nov 13, 2021.
             Slain by an orc (2 damage)
             ... on level 3 of the Dungeon.
             The game lasted 00:13:53 (3058 turns).

croobank the Skirmisher (Ogre Delver)               Turns: 3058, Time: 00:13:54

Health: 0/55       AC:  3    Str: 18 (19) XL:     5   Next: 16%
Magic:  5/5        EV: 10    Int:  8 (11) God:
Gold:   93         SH:  0    Dex:  9 (12) Spells: 4/4 levels left

rFire   . . .      SeeInvis .   h - +0 war axe (venom)
rCold   . . .      Faith    .   (no shield)
rNeg    . . .      Spirit   .   b - +0 robe
rPois   .          Reflect  .   (helmet restricted)
rElec   .          Harm     .   (no cloak)
rCorr   .          Rampage  .   (gloves unavailable)
Will    +....                   (boots unavailable)
Stlth   +++.......              (no amulet)
HPRegen 0.18/turn               j - ring of Ogheb {Will+ Str+2 Dex+2 Stlth+}
MPRegen 0.09/turn               (no ring)

@: no status effects
A: large, unfitting armour, tough skin 1
a: no special abilities


You were on level 3 of the Dungeon.
You visited 1 branch of the dungeon, and saw 5 of its levels.

You collected 93 gold pieces.

Inventory:

Hand Weapons
 a - a +0 hand axe
 h - a +0 war axe of venom (weapon)
Missiles
 l - 15 poisoned darts (quivered)
 o - 25 stones
Armour
 b - a +0 robe (worn)
Jewellery
 j - the ring of Ogheb (left hand) {Will+ Str+2 Dex+2 Stlth+}
   (You acquired it on level 2 of the Dungeon)

   [ring of willpower]

   Str:       It affects your strength (+2).
   Dex:       It affects your dexterity (+2).
   Will:      It increases your willpower.
   Stlth:     It makes you more stealthy.
Wands
 g - a wand of digging (3)
Scrolls
 c - 2 scrolls of fog
 d - 2 scrolls of magic mapping
 k - a scroll of amnesia {unknown}
 m - a scroll of identify {unknown}
 p - a scroll of enchant weapon {unknown}
Potions
 e - a potion of haste
 i - a potion of lignification {unknown}
 n - a potion of cancellation {unknown}


   Skills:
 + Level 4.7 Fighting
 + Level 3.3 Axes
 + Level 2.2 Dodging
 + Level 4.5 Stealth


You had 4 spell levels left.
You didn't know any spells.
Your spell library was empty.

Dungeon Overview and Level Annotations

Branches:
Dungeon (5/15)
 Temple: D:4-7

Altars:
Trog
Uskayaw

Shops:
D:2 =

Annotations:
D:3 Sigmund


Innate Abilities, Weirdness & Mutations

You are too large for most types of armour.
You have tough skin. (AC +1)


Message History

Press: ? - help, Q - select action, (/) - cycle Shift-Dir - straight line, f/p - Sigmund
Aim: Sigmund, wielding a +0 scythe and wearing a +1 robe of cold resistance (lightly wounded, very poisoned, 55% to hit)
You throw a poisoned dart.
The poisoned dart closely misses Sigmund.
The orc blocks the poisoned dart.
Throw: 16 darts (poison)
Press: ? - help, Q - select action, (/) - cycle Shift-Dir - straight line, f/p - Sigmund
Aim: Sigmund, wielding a +0 scythe and wearing a +1 robe of cold resistance (lightly wounded, very poisoned, 55% to hit)
You throw a poisoned dart. The poisoned dart hits Sigmund.
Sigmund looks even sicker.
Sigmund is lightly wounded.
Sigmund mumbles some strange words.
Sigmund flickers and vanishes!
Deactivating autopickup; reactivate with Ctrl-A.
An orc priest comes into view. It is wielding a +0 whip.
Found 13 gold pieces and a scroll labelled XAQIVV QOWIRPHI.
An orc comes into view. It is wielding a +0 falchion.
Something hits you.
The orc priest shouts!
The orc shouts!
An orc comes into view. It is wielding a +0 trident.
You barely miss something.
The orc shouts!
Something completely misses you.
You miss something. You barely miss the orc. The orc hits you with a +0 flail.
Something hits you!
You hit something but do no damage. You slash the orc!
The orc barely misses you. Something hits you!
The orc hits you with a +0 flail!
You miss something. You hit the orc.
You kill the orc!
Something hits you.
* * * LOW HITPOINT WARNING * * *
The orc priest mumbles some strange prayers to Beogh against you.
Pain shoots through your body!
* * * LOW HITPOINT WARNING * * *
It was a potion of degeneration.
There was something very wrong with that liquid.
You feel weakened.
You feel dopey.
You feel clumsy.
The orc hits you from afar with a +0 trident.
You die...

........##..####.....
........##...........
........##..####..#..
............## #.....
.............# ##.##.
##########....#.# #.....
#$........#####.# #.....
#.........# #.###.....
#......@..# #..##.....
#....!{oo.....##.##....#
#....o........##..#....#
#.((..........###.#.....
#..............?#..#....
#.(.......##....##.#...†
#.........# .... #......
#.........# .. ##.....
...>...


You could see an orc priest and 2 orcs.

Vanquished Creatures
  6 adders
  2 worms (D:2)
  A dart slug (D:1)
  An orc (D:3)
  9 ball pythons
  8 endoplasms
  2 giant cockroaches (D:1)
  4 hobgoblins
  6 jackals (D:1)
  3 quokkas
  8 bats
  2 frilled lizards
  6 goblins
  5 kobolds
  5 rats
68 creatures vanquished.

Vanquished Creatures (others)
  2 plants (D:1)
2 creatures vanquished.

Grand Total: 70 creatures vanquished

Notes
Turn   | Place    | Note
-------+----------+-------------------------------------------
     0 | D:5      | croobank the Ogre Delver began the quest for the Orb.
     0 | D:5      | Reached XP level 1. HP: 24/24 MP: 1/1
    79 | D:4      | HP: 1/24 [adder (2)]
    86 | D:4      | HP: 1/24 [adder (1)]
    88 | D:4      | Reached XP level 2. HP: 1/32 MP: 2/2
    99 | D:4      | HP: 1/32 [goblin (1)]
   762 | D:1      | Reached XP level 3. HP: 37/40 MP: 3/3
  1541 | D:2      | Reached XP level 4. HP: 46/49 MP: 4/4
  1728 | D:2      | Found a faded altar of an unknown god.
  1813 | D:2      | Found Amubasch's Jewellery Emporium.
  2579 | D:2      | Found a bloodstained altar of Trog.
  2581 | D:2      | Identified a scroll of acquirement
  2581 | D:2      | Acquired the ring of Ogheb {Will+ Str+2 Dex+2 Stlth+}
  2785 | D:3      | Reached XP level 5. HP: 55/55 MP: 5/5
  2825 | D:3      | Found a hide-covered altar of Uskayaw.
  3046 | D:3      | Noticed Sigmund
  3057 | D:3      | HP: 2/55 [orc priest/nerve-wracking pain (13)]
  3058 | D:3      | Slain by an orc

Illustrated notes

Levels and vault maps discovered:
D:1:      minmay_arrival_cross, layout_basic, serial_bayou_ford_a
D:2:      layout_loops_corners, hellmonk_ecumenical_altar_zigzags,
          serial_aquarium, aquarium_bridge_square [aquarium_subvault_bridge,
          aquarium_subvault_window, aquarium_subvault_bridge,
          aquarium_subvault_bridge], aquarium_window_fake, aquarium_window_1,
          aquarium_window_2, aquarium_window_fake, aquarium_view_2c,
          aquarium_view_2e, aquarium_balcony_3b, aquarium_pool_S, basic_altar,
          serial_shops, nicolae_shop_trees, minivault_4
D:3:      layout_basic, mainiacjoe_overflow_paths, uniq_sigmund, uniq_ijyb
D:4:      layout_rooms, minmay_temple_entry_sparse_star,
          hangedman_decor_diamond_cutter, kennysheep_generic_room_8
D:5:      layout_rooms, minmay_pentangle

Skill      XL: |  1  2  3  4 |
---------------+-------------+-----
Stealth        | 4 |  4.5
Dodging        | 2 |  2.2
Axes           | 3 |  3.3
Fighting       | |  4.7

Action                   |  1- 3 |  4- 6 || total
-------------------------+-------+-------++-------
Melee: War axe           |    86 |    61 ||   147
Throw: Dart              |       |     5 ||     5
  Use: Scroll            |     2 |     1 ||     3
       Potion            |     1 |     1 ||     2
 Stab: Sleeping          |     9 |     9 ||    18
Armor: Robe              |    31 |    18 ||    49
Dodge: Dodged            |    49 |    41 ||    90

Table legend: (Time is in decaauts)
 A = Elapsed time spent in this place.
 B = Non-inter-level travel time spent in this place.
 C = Inter-level travel time spent in this place.
 D = Time resting spent in this place.
 E = Time spent auto-exploring this place.
 F = Levels seen in this place.
 G = Mean time per level.
                   A        B        C        D        E       F      G
               +--------+--------+--------+--------+--------+-----+--------+
         Total |   3107 |   3107 |      0 |    529 |   1705 |   5 |  621.4 |
       Dungeon |   3107 |   3107 |      0 |    529 |   1705 |   5 |  621.4 |
               +--------+--------+--------+--------+--------+-----+--------+

Top non-repeatable levels by time:
     D:2: 1384 daAuts
     D:1: 1250 daAuts
     D:3: 370 daAuts
     D:5: 60 daAuts
     D:4: 41 daAuts
